 Dungeon Crawl Stone Soup version 0.29-a0-841-g116ddc6ace (webtiles) character file.

Game seed: 15086712249949036388

2473 frustraionsimulator the Skirmisher (level 9, -1/41 HPs)
             Began as a Spriggan Hunter on July 14, 2022.
             Slain by an orc warrior
             ... wielding a +0 scimitar
              (15 damage)
             ... on level 9 of the Dungeon.
             The game lasted 00:13:41 (6823 turns).

frustraionsimulator the Skirmisher (SpHu)           Turns: 6823, Time: 00:13:42

Health: -1/41      AC:  4    Str:  7    XL:     9   Next: 26%
Magic:  10/10      EV: 18    Int: 11    God:
Gold:   1867       SH:  0    Dex: 22    Spells: 8/8 levels left

rFire   . . .      SeeInvis +   a - +1 shortbow (freeze)
rCold   . . .      Faith    .   (shield currently unavailable)
rNeg    . . .      Spirit   .   c - +0 robe
rPois   .          Reflect  .   s - +2 hat
rElec   .          Harm     .   (no cloak)
rCorr   .          Rampage  .   (gloves unavailable)
Will    +....                   (boots unavailable)
Stlth   ++........              d - amulet of the acrobat
HPRegen 0.13/turn               (no ring)
MPRegen 0.12/turn               (no ring)

@: very quick
A: very small, no large weapons, unfitting armour, see invisible, speed 3
a: no special abilities


You were on level 9 of the Dungeon.
You visited 1 branch of the dungeon, and saw 8 of its levels.
You also visited: Bailey.

You collected 2257 gold pieces.
You spent 390 gold pieces at shops.

Inventory:

Hand Weapons
 a - a +1 shortbow of freezing (weapon)
 y - a +1 dagger of speed
Armour
 c - a +0 robe (worn)
 s - a +2 hat (worn)
Jewellery
 d - an amulet of the acrobat (around neck)
 h - a ring of resist corrosion
Scrolls
 b - a scroll of immolation
 e - a scroll of brand weapon
 f - a scroll of enchant weapon
 i - 3 scrolls of noise
 j - a scroll of identify
 k - a scroll of fear
 n - a scroll of blinking
 o - a scroll of magic mapping
Potions
 g - a potion of haste
 l - a potion of mutation
 r - 6 potions of flight
 t - 2 potions of curing
 w - a potion of might {unknown}
 x - a potion of resistance {unknown}
 z - a potion of brilliance {unknown}
 A - 2 potions of cancellation {unknown}


   Skills:
 - Level 1.5 Fighting
 + Level 13.1 Ranged Weapons
 - Level 2.6 Dodging
 - Level 1.5 Stealth


You had 8 spell levels left.
You didn't know any spells.
Your spell library was empty.

Dungeon Overview and Level Annotations

Branches:
Dungeon (10/15)            Bailey (visited)
 Temple: D:4-7         Lair: D:8-11         Orc: D:9-12

Altars:
Ashenzari
Elyvilon
Fedhas
Hepliaklqana

Shops:
D:4 =

Annotations:
D:9 Joseph
D:10 Erolcha


Innate Abilities, Weirdness & Mutations

You are very small and have problems with some larger weapons.
You are too small for most types of armour.
You have supernaturally acute eyesight. (SInv)
You cover ground extremely quickly. (Speed+++)


Message History

The killer bee closely misses you.
You hear an angry buzzing noise.
You shoot an arrow. The arrow misses the killer bee.
The arrow hits the orc warrior but does no damage.
The killer bee barely misses you. The killer bee completely misses you.
You shoot an arrow.
The arrow completely misses the killer bee.
The arrow hits the orc warrior.
The arrow freezes the orc warrior.
The orc warrior is lightly wounded.
You hear an angry buzzing noise.
The killer bee completely misses you. x2
You hear an angry buzzing noise.
You hear a shout!
You shoot an arrow. The arrow hits the killer bee.
The arrow freezes the killer bee.
The killer bee is moderately wounded.
The killer bee stings you.
You are poisoned.
The killer bee poisons you!
Unknown command.
Really read the scroll of poison?
The air fills with toxic fumes!
As you read the scroll of poison, it crumbles to dust.
You feel very sick. The killer bee misses you.
The killer bee closely misses you. x2
The killer bee stings you.
Unknown command.
Blink to where?
Press: ? - help, Dir - move target, p - killer bee
As you read the scroll of blinking, it crumbles to dust.
You feel sick.
The orc warrior is engulfed in poison gas.
The orc warrior is poisoned.
The orc warrior hits you with a +0 scimitar!!
* * * LOW HITPOINT WARNING * * *
The killer bee buzzes angrily.
It was a potion of curing.
You feel better.
The orc warrior is engulfed in poison gas.
The orc warrior looks even sicker.
The orc warrior hits you with a +0 scimitar!
You die...

#.........................
#..)......................
#....................oo..)
#..................>......
#.....................o...
#......................... #
#######################'### #.
#..#§§§.#§§#§§§..#..#.....#
#..#..#§§§yyo@§§§§..#..#.....#
##..#..######§§####..#..#.....#
#.........y.y.§§...............
#.......y.yy...§§..............
#./.....o.......§§.............
...................§§............
....................§............
...[.............................
....[######..(###################


You could see an orc warrior (very poisoned), 5 killer bees and an orc.

Vanquished Creatures
  An orc knight (Bailey)
  Grinder (D:4)
  A yak (D:9)
  3 water moccasins
  2 ice beasts
  5 orc warriors (Bailey)
  An ogre (D:4)
  A bullfrog (D:6)
  A necrophage (D:5)
  A scorpion (D:5)
  A killer bee (D:10)
  3 hounds (D:5)
  An orc priest (D:9)
  An iguana (D:5)
  4 orc wizards
  4 adders
  4 gnolls (Bailey)
  A shadow imp (D:5)
  An ufetubus (D:9)
  A worm (D:5)
  2 dart slugs
  7 orcs
  5 bats
  7 endoplasms
  4 giant cockroaches
  8 goblins
  13 hobgoblins
  2 jackals (D:2)
  4 quokkas
  7 ball pythons
  4 frilled lizards
  17 kobolds
  3 rats (D:2)
121 creatures vanquished.

Vanquished Creatures (others)
  4 plants
  4 toadstools (D:2)
8 creatures vanquished.

Grand Total: 129 creatures vanquished

Notes
Turn   | Place    | Note
-------+----------+-------------------------------------------
     0 | D:1      | frustraionsimulator the Spriggan Hunter began the quest for
                  | the Orb.
     0 | D:1      | Reached XP level 1. HP: 10/10 MP: 2/2
   128 | D:1      | Reached XP level 2. HP: 12/14 MP: 3/3
   311 | D:1      | Found a faded altar of an unknown god.
   449 | D:1      | Reached skill level 5 in Ranged Weapons
   472 | D:1      | Reached XP level 3. HP: 18/18 MP: 4/4
  1797 | D:3      | Reached XP level 4. HP: 6/22 MP: 5/5
  2040 | D:3      | Found a broken altar of Ashenzari.
  2178 | D:3      | Reached skill level 6 in Ranged Weapons
  2668 | D:4      | Noticed an ogre
  2680 | D:4      | Killed an ogre
  2680 | D:4      | Noticed Grinder
  2681 | D:4      | Reached skill level 7 in Ranged Weapons
  2681 | D:4      | Reached XP level 5. HP: 25/25 MP: 6/6
  2729 | D:4      | Killed Grinder
  2730 | D:4      | Reached skill level 8 in Ranged Weapons
  2730 | D:4      | Reached XP level 6. HP: 28/30 MP: 7/7
  2974 | D:4      | Found a white marble altar of Elyvilon.
  3330 | D:4      | Found Owyirchist's Jewellery Shop.
  3579 | D:5      | Entered Level 5 of the Dungeon
  3650 | D:5      | Identified a scroll of acquirement
  3650 | D:5      | Acquired 1123 gold pieces
  3790 | D:5      | Noticed a water moccasin
  3799 | D:5      | Killed a water moccasin
  3800 | D:5      | Reached XP level 7. HP: 33/33 MP: 8/8
  3856 | D:5      | Reached skill level 9 in Ranged Weapons
  3987 | D:4      | Bought an amulet of the acrobat for 390 gold pieces
  4051 | D:5      | Found a blossoming altar of Fedhas.
  4276 | D:6      | Found a hazy altar of Hepliaklqana.
  4358 | D:6      | Reached skill level 10 in Ranged Weapons
  4372 | D:6      | Reached XP level 8. HP: 37/37 MP: 9/9
  4400 | D:6      | You fall into a shaft and drop 3 floors!
  4426 | D:10     | Entered Level 10 of the Dungeon
  4426 | D:10     | Noticed a troll
  4426 | D:10     | Found a flagged portal.
  4446 | D:10     | Noticed Erolcha
  4471 | Bailey   | Entered a bailey
  4741 | Bailey   | Noticed an orc knight
  4910 | Bailey   | Reached skill level 11 in Ranged Weapons
  5412 | Bailey   | Killed an orc knight
  5413 | Bailey   | Reached skill level 12 in Ranged Weapons
  5413 | Bailey   | Reached XP level 9. HP: 39/41 MP: 10/10
  5485 | Bailey   | Identified the +0 chain mail of Happy Babbling {Harm +Blink
                  | Will+ Str+5}
  6141 | D:9      | Noticed Joseph
  6179 | D:9      | Reached skill level 13 in Ranged Weapons
  6823 | D:9      | Slain by an orc warrior

Illustrated notes

Levels and vault maps discovered:
D:1:      dpeg_arrival_morbid_curiosity, layout_loops_ring,
          nicolae_ecumenical_lake_church, minmay_tromino_v7
D:2:      layout_rooms, grunt_decor_clamped, minmay_gold_behind_fungi,
          guppyfry_early_lair_pool
D:3:      layout_basic, nicolae_overflow_crystal_walls, minmay_misc_feat_roman,
          nrook_mini_vaults
D:4:      layout_layer_cave, elyvilon_altar_5, serial_shops,
          nicolae_shop_temple_entry_statues_fountains, uniq_grinder
D:5:      layout_cave_pools, nicolae_overflow_hidden_temple, kennysheep_mini
D:6:      layout_basic, lemuel_tele_altar, dancing_weapons_uskayaw,
          temple_doors_e
D:9:      layout_grid_maze, david_lair_generic, erik_orc_1, uniq_joseph
D:10:     layout_gridville, serial_shops, shop_fountains, serial_ice,
          serial_ice_h, serial_ice_f, serial_ice_n, serial_ice_e, serial_ice_k,
          serial_ice_a, enter_bailey_2, nicolae_shop_self_help, uniq_erolcha

Skill      XL: |  1  2  3  4  5  6  7  8  9 |
---------------+----------------------------+-----
Ranged Weapons | 5 7 8 10 12 13 | 13.1
Fighting       | |  1.5
Dodging        | |  2.6
Stealth        | |  1.5

Action                   |  1- 3 |  4- 6 |  7- 9 || total
-------------------------+-------+-------+-------++-------
 Fire: Shortbow          |   135 |    79 |   214 ||   428
  Use: Scroll            |       |    15 |     4 ||    19
       Potion            |       |       |     3 ||     3
Armor: Robe              |     1 |     1 |     6 ||     8
Dodge: Dodged            |    33 |     7 |   101 ||   141

Table legend: (Time is in decaauts)
 A = Elapsed time spent in this place.
 B = Non-inter-level travel time spent in this place.
 C = Inter-level travel time spent in this place.
 D = Time resting spent in this place.
 E = Time spent auto-exploring this place.
 F = Levels seen in this place.
 G = Mean time per level.
                   A        B        C        D        E       F      G
               +--------+--------+--------+--------+--------+-----+--------+
         Total |   5264 |   5170 |     94 |   1684 |   2546 |   9 |  584.9 |
       Dungeon |   4230 |   4136 |     94 |   1093 |   2362 |   8 |  528.8 |
        Bailey |   1033 |   1033 |      0 |    590 |    184 |   1 | 1033.0 |
               +--------+--------+--------+--------+--------+-----+--------+

Top non-repeatable levels by time:
     D:9: 1093 daAuts
  Bailey: 1033 daAuts
     D:3: 776 daAuts
     D:1: 715 daAuts
     D:4: 594 daAuts
     D:5: 470 daAuts
     D:2: 452 daAuts
     D:6: 102 daAuts
    D:10: 26 daAuts
